Map: Romanticide LE

Players

Rogue

  • Race: Zerg Zerg
  • Spawn Location: 5:00

PartinG - Winner!

  • Race: Protoss Protoss
  • Spawn Location: 11:00

Event: IEM Katowice 2021

VOD

Have the link to the VOD?

Description

Time

  • Played on: Feb. 25, 2021, 10:46 a.m.
  • Length: 4:45

All games in this series

Show
View Real Time Build Order
Export as new Build Order

Rogue Zerg 

Build Orders: Hatch First 

Get SALT Encoding   

  12  0:00  Drone  
  13  0:12  Overlord  
  13  0:16  Drone  
  14  0:30  Drone x2  
  16  0:47  Drone  
  17  0:50  Hatchery  
  17  0:53  Drone  
  17  0:57  Drone  
  18  1:08  Extractor  
  17  1:12  Spawning Pool  
  17  1:15  Drone  
  17  1:18  Drone  
  18  1:27  Drone  
  19  1:38  Overlord  
  19  1:49  Drone  
  20  2:00  Queen  
  20  2:01  Zergling x2  
  23  2:04  Queen  
  23  2:05  Zergling x2  
  26  2:11  Drone  
  26  2:13  Drone, Metabolic Boost  
  28  2:21  Drone  
  29  2:24  Drone  
  30  2:39  Zergling x4  
  30  2:44  Zergling x2, Hatchery  
  31  2:46  Zergling x2  
  33  2:53  Zergling x2  
  33  2:56  Zergling x2  
  35  3:11  Zergling x2  
  36  3:16  Overlord  
  36  3:26  Overlord  
  36  3:38  Zergling x2  
  32  3:45  Drone x8  
  32  3:47  Drone x2  
  32  3:48  Drone, Queen  
Show
View Real Time Build Order
Export as new Build Order

PartinG Protoss - Winner!

Build Orders: 1 Gate Expand 

Get SALT Encoding   

  12  0:00  Probe  
  13  0:12  Probe  
  14  0:17  Pylon  
  14  0:24  Probe (Chrono Boost)  
  15  0:36  Probe (Chrono Boost)  
  15  0:37  Gateway  
  16  0:45  Probe (Chrono Boost)  
  17  0:51  Probe  
  18  1:11  Nexus  
  18  1:16  Assimilator  
  18  1:19  Probe  
  18  1:24  Assimilator  
  19  1:31  Probe (Chrono Boost)  
  20  1:37  Cybernetics Core  
  20  1:43  Probe (Chrono Boost)  
  21  1:50  Probe (Chrono Boost)  
  21  1:53  Pylon  
  22  1:58  Probe  
  23  2:11  Probe (Chrono Boost)  
  23  2:14  Stargate  
  24  2:19  Adept  
  28  2:23  Probe (Chrono Boost)  
  28  2:24  Probe (Chrono Boost)  
  28  2:29  Warp Gate  
  28  2:32  Probe x2 (Chrono Boost)  
  30  2:37  Probe (Chrono Boost)  
  30  2:39  Probe  
  32  2:49  Zealot, Probe  
  32  2:51  Void Ray (Chrono Boost), Probe  
  40  3:01  Probe  
  40  3:03  Probe  
  42  3:06  Pylon  
  42  3:13  Probe, Gateway  
  42  3:15  Probe  
  44  3:21  Void Ray (Chrono Boost)  
  44  3:25  Probe  
  45  3:27  Probe  
  49  3:44  Pylon  
  46  3:50  Shield Battery  

Tags
 
Add a new tag
Caveats
  • Supply blocks, unpowered buildings, or Contaminate may cause inaccurate times.
  • Supply counts are checked every 10 seconds.